 Dungeon Crawl Stone Soup version 0.29.0-4-gdea44cf6ec (webtiles) character file.

Game seed: 14758574664149992047

336 qw the Sneak (level 6, -2/37 HPs)
             Began as a Gargoyle Delver on Sept 10, 2022.
             Was a Follower of Okawaru.
             Slain by an ogre
             ... wielding a +0 giant club
              (15 damage)
             ... on level 4 of the Dungeon.
             The game lasted 00:01:24 (3790 turns).

qw the Sneak (Gargoyle Delver)                      Turns: 3790, Time: 00:01:25

Health: -2/37      AC: 18    Str: 18    XL:     6   Next: 54%
Magic:  6/7        EV:  7    Int: 10    God:    Okawaru [*.....]
Gold:   897        SH:  5    Dex: 11    Spells: 5/5 levels left

rFire   + . .      SeeInvis .   Y - +0 hand axe
rCold   . . .      Faith    .   (no shield)
rNeg    + . .      Spirit   .   c - +0 plate armour
rPois   inf        Reflect  +   (no helmet)
rElec   +          Harm     .   (no cloak)
rCorr   .          Rampage  .   (no gloves)
Will    .....                   (no boots)
Stlth   ..........              b - amulet of reflection
HPRegen 0.12/turn               a - ring of protection from fire
MPRegen 0.10/turn               (no ring)

@: heroic
A: sickness immunity, AC +4, negative energy resistance 1, electricity
resistance, torment resistance 1, petrification resistance
a: Renounce Religion, Heroism


You were on level 4 of the Dungeon.
You worshipped Okawaru.
Okawaru was aware of your devotion.
You visited 2 branches of the dungeon, and saw 6 of its levels.

You collected 897 gold pieces.


Innate Abilities, Weirdness & Mutations

You are immune to sickness and miasma.
Your stone body is resilient. (AC +4)
You are immune to poison.
You resist negative energy. (rN+)
You are resistant to electric shocks. (rElec)
You are resistant to unholy torment.
You are immune to petrification.


   Skills:
 + Level 3.4(8.4) Fighting
 - Level 5.0(10.0) Axes
 - Level 3.0(8.0) Armour
 - Level 1.5(6.5) Dodging
 - Level 5.4(10.4) Stealth
 + Level 2.0 Invocations


You had 5 spell levels left.
You didn't know any spells.
Your spell library was empty.

Inventory:

Hand Weapons
 i - a +0 morningstar
 Y - a +0 hand axe (weapon)
Armour
 c - a +0 plate armour (worn)
Jewellery
 a - a ring of protection from fire (left hand)
 b - an amulet of reflection (around neck)
Wands
 g - a wand of digging (3)
Scrolls
 n - a scroll of identify
Potions
 d - a potion of flight {unknown}
 e - a potion of curing {unknown}
 f - 2 potions of haste
 h - a potion of brilliance {unknown}
 j - 2 potions of cancellation
 l - a potion of heal wounds {unknown}
 m - a potion of lignification {unknown}
 o - a potion of degeneration {unknown}

Dungeon Overview and Level Annotations

Branches:
Dungeon (5/15)             Temple (1/1) D:4

Altars:
Ashenzari
Cheibriados
Fedhas
Hepliaklqana
Kikubaaqudgha
Nemelex Xobeh
Okawaru
Qazlal
Ru
Xom
Yredelemnul


Message History

i - a +0 morningstar
3750 ||| DROPPING +0 flail.
You drop a +0 flail.
Things that are here:
a +0 dagger; 8 poisoned darts; a kobold corpse An ogre comes into view.
It is wielding a +0 giant club.
The ogre shouts!
Enter note:
Enter note:
Enter note:
Enter note:
3777 ||| INVOKING Heroism.
You gain the combat prowess of a mighty hero.
You hit the ogre. You punch the ogre.
The ogre is lightly wounded.
The ogre hits you with a +0 giant club.
You hit the ogre.
The ogre is moderately wounded.
You hit the ogre.
The ogre is heavily wounded.
The ogre barely misses you.
You hit the ogre.
The ogre is heavily wounded.
The ogre hits you but does no damage.
You closely miss the ogre.
The ogre is heavily wounded.
You hit the ogre.
The ogre is severely wounded.
The ogre hits you but does no damage.
You hit the ogre.
The ogre is almost dead.
You hit the ogre but do no damage.
The ogre is almost dead.
The ogre hits you with a +0 giant club!!
Ouch! That really hurt!
You closely miss the ogre.
The ogre is almost dead.
You barely miss the ogre.
The ogre is almost dead.
The ogre hits you with a +0 giant club!
You die...

..#####.####### #...#..# #.
............... #.#.##.###.
...#.#...#.#### ##.#.##.....
..#.#.#..#.# #..#..######
.#.#.#.#...# ##.###.## #
..#.>.#..### ###..# #..### #
.#.#.#.#.# ####...## ##...###
..#.#.#..#######....###...###..%.
...#.#..........@#### ..}......).
.........#.#####.O..# #...###..).
..########.[#######...## #...###
..# #..........# #..# #..###..
..# #.#######.## .# #.# ### ..#
#. #.# #.. ##### ..# . #.# #.
#.... .## .. ##.## #.#.#. #.###
.# .. ###...# #.#... #.# #


You could see an ogre.

Vanquished Creatures
  Sigmund (D:3)
  A hound (D:4)
  5 adders
  11 dart slugs
  3 orcs (D:3)
  5 endoplasms
  3 goblins
  9 hobgoblins
  6 jackals
  4 quokkas
  6 ball pythons
  3 bats (D:1)
  5 frilled lizards
  10 kobolds
  6 rats
78 creatures vanquished.

Notes
Turn   | Place    | Note
-------+----------+-------------------------------------------
     0 | D:5      | qw the Gargoyle Delver began the quest for the Orb.
     0 | D:5      | Reached XP level 1. HP: 14/14 MP: 1/1
     0 | D:5      | 0 ||| qw: Version: 0.1-a-116-g5d60599
     0 | D:5      | 0 ||| qw: Game counter: 9029
     0 | D:5      | 0 ||| qw: Always use a shield: true
     0 | D:5      | 0 ||| qw: God list: Okawaru
     0 | D:5      | 0 ||| qw: Allow faded altars: false
     0 | D:5      | 0 ||| qw: Do Orc after D:15 true
     0 | D:5      | 0 ||| qw: Do second Lair branch before Depths: true
     0 | D:5      | 0 ||| qw: Lair rune preference: random
     0 | D:5      | 0 ||| qw: Plans: Normal
     0 | D:5      | 0 ||| PLANNING D:1-11
     0 | D:5      | 0 ||| DROPPING scroll of fog.
     1 | D:5      | 1 ||| DROPPING scroll of magic mapping.
     2 | D:5      | 2 ||| DROPPING scroll of fear.
    10 | D:4      | 10 ||| PLANNING SEWER
   118 | D:4      | Found a staircase to the Ecumenical Temple.
   119 | D:4      | 119 ||| PLANNING TEMPLE
   119 | D:4      | 119 ||| UPGRADING to +0 plate armour.
   129 | D:4      | 129 ||| DROPPING +0 leather armour.
   140 | Temple   | Entered the Ecumenical Temple
   232 | Temple   | 232 ||| PLANNING SEWER
   264 | Temple   | Became a worshipper of Warmaster Okawaru
   367 | D:4      | 367 ||| Stepping ~*~*~tactically~*~*~ (hiding).
   375 | D:4      | Reached skill level 1 in Armour
   375 | D:4      | Reached XP level 2. HP: 19/19 MP: 2/2
   614 | D:4      | Reached skill level 3 in Axes
   614 | D:4      | Reached XP level 3. HP: 18/23 MP: 3/3
   684 | D:4      | 684 ||| RIP SEWER
   696 | D:4      | 696 ||| PLANNING D:1-11
   704 | D:4      | 704 ||| UPGRADING to amulet of reflection.
   797 | D:3      | 797 ||| Stepping ~*~*~tactically~*~*~ (hiding).
   838 | D:3      | 838 ||| Stepping ~*~*~tactically~*~*~ (stealth).
   839 | D:3      | 839 ||| Stepping ~*~*~tactically~*~*~ (stealth).
   893 | D:3      | Noticed Sigmund
   894 | D:3      | 894 ||| Stepping ~*~*~tactically~*~*~ (hiding).
   901 | D:3      | Reached XP level 4. HP: 25/28 MP: 4/4
   906 | D:3      | Killed Sigmund
   906 | D:3      | Reached * piety under Okawaru
   907 | D:3      | Reached XP level 5. HP: 18/32 MP: 5/5
   907 | D:3      | 907 ||| INVOKING Heroism.
   918 | D:3      | 918 ||| Stepping ~*~*~tactically~*~*~ (hiding).
   926 | D:3      | 926 ||| INVOKING Heroism.
   929 | D:3      | Reached XP level 6. HP: 14/37 MP: 2/6
   937 | D:3      | 937 ||| Stepping ~*~*~tactically~*~*~ (stealth).
   961 | D:3      | 961 ||| INVOKING Heroism.
  1164 | D:3      | 1164 ||| Stepping ~*~*~tactically~*~*~ (hiding).
  1275 | D:3      | 1275 ||| READING scroll labelled TOTHRE FYOJENN.
  1275 | D:3      | Identified a scroll of acquirement
  1275 | D:3      | 1275 ||| ACQUIRING 730 gold pieces
  1275 | D:3      | Acquired 730 gold pieces
  1277 | D:3      | 1277 ||| READING scroll labelled BUIKUNO POUCKU.
  1278 | D:3      | 1278 ||| DRINKING 2 fizzy red potions.
  1279 | D:3      | 1279 ||| DROPPING potion of invisibility.
  1282 | D:3      | 1282 ||| Stepping ~*~*~tactically~*~*~ (stealth).
  1284 | D:3      | 1284 ||| Stepping ~*~*~tactically~*~*~ (stealth).
  1286 | D:3      | 1286 ||| Stepping ~*~*~tactically~*~*~ (stealth).
  1288 | D:3      | 1288 ||| Stepping ~*~*~tactically~*~*~ (stealth).
  1332 | D:3      | 1332 ||| Stepping ~*~*~tactically~*~*~ (water).
  1388 | D:1      | 1388 ||| Stepping ~*~*~tactically~*~*~ (stealth).
  1403 | D:1      | 1403 ||| Stepping ~*~*~tactically~*~*~ (hiding).
  1516 | D:1      | Reached skill level 1 in Invocations
  1563 | D:1      | 1563 ||| DROPPING +0 club.
  1668 | D:1      | 1668 ||| INVOKING Heroism.
  1764 | D:1      | 1764 ||| Stepping ~*~*~tactically~*~*~ (stealth).
  2204 | D:1      | 2204 ||| Stepping ~*~*~tactically~*~*~ (stealth).
  2205 | D:1      | 2205 ||| Stepping ~*~*~tactically~*~*~ (stealth).
  2271 | D:1      | 2271 ||| READING 2 scrolls labelled LUTTOWNUREA.
  2272 | D:1      | 2272 ||| READING scroll labelled QASANETAIGA.
  2273 | D:1      | 2273 ||| READING scroll labelled ZABAIN BIOQANOLU.
  2274 | D:1      | 2274 ||| READING scroll labelled GAAR ETORO.
  2375 | D:1      | 2375 ||| DRINKING 3 golden potions.
  2376 | D:1      | 2376 ||| DROPPING scroll of amnesia.
  2647 | D:2      | 2647 ||| Stepping ~*~*~tactically~*~*~ (hiding).
  3005 | D:2      | 3005 ||| UPGRADING to ring of protection from fire.
  3045 | D:3      | 3045 ||| STAIRDANCE
  3057 | D:3      | 3057 ||| STAIRDANCE
  3097 | D:3      | Found a faded altar of an unknown god.
  3195 | D:3      | 3195 ||| DROPPING +0 whip.
  3339 | D:3      | Reached skill level 3 in Armour
  3366 | D:3      | Found a broken altar of Ashenzari.
  3495 | D:3      | 3495 ||| DROPPING amulet of guardian spirit.
  3496 | D:3      | 3496 ||| READING scroll labelled COMOD FEOP.
  3533 | D:4      | 3533 ||| Stepping ~*~*~tactically~*~*~ (stealth).
  3534 | D:4      | 3534 ||| Stepping ~*~*~tactically~*~*~ (stealth).
  3750 | D:4      | 3750 ||| DROPPING +0 flail.
  3777 | D:4      | 3777 ||| INVOKING Heroism.
  3790 | D:4      | Slain by an ogre

Levels and vault maps discovered:
D:1:      lightli_arrival_windingriver, layout_basic
D:2:      layout_loops_ring, minivault_24
D:3:      kennysheep_slugbush, layout_rooms, lemuel_tele_altar,
          hellmonk_ecumenical_altar_zigzags, uniq_sigmund
D:4:      minmay_general_purpose_star, layout_loops_ring,
          minmay_temple_entry_grid, gup_sewer_entry_bubbles,
          nicolae_shop_fire_sale [nicolae_sub_dead_trees], uniq_robin
D:5:      layout_rooms, trog_butcher_becter, serial_shops, shop_statue,
          nicolae_shop_hallway_stairs, kennysheep_mini, minivault_23,
          uniq_grinder
Temple:   compressed_dpeg_circular_temple

Skill      XL: |  1  2  3  4  5  6 |
---------------+-------------------+-----
Axes           | 2 3 5 |  5.0
Armour         | 1 2 3 |  3.0
Invocations    | 2 |  2.0
Fighting       | |  3.4
Dodging        | |  1.5
Stealth        | |  5.4

Action                   |  1- 3 |  4- 6 || total
-------------------------+-------+-------++-------
Melee: Hand axe          |    54 |   223 ||   277
       Punch             |       |     8 ||     8
Invok: Heroism           |       |     5 ||     5
  Use: Scroll            |       |     7 ||     7
       Potion            |       |     2 ||     2
 Stab: Sleeping          |     1 |       ||     1
Armor: Leather armour    |     3 |       ||     3
       Plate armour      |    26 |   110 ||   136
Dodge: Dodged            |    19 |    45 ||    64
Block: Other             |     8 |    46 ||    54
       Reflection        |       |     3 ||     3

Table legend:
 A = Non-vault XP
 B = Vault XP
 C = Vault XP percentage of total XP
 D = Non-vault monster count
 E = Vault monster count
 F = Vault count percentage of total count
                 A         B        C        D         E       F
            +---------+---------+-------+---------+---------+-------
      Total |     209 |     272 |  56.5 |      67 |      11 |  14.1
            +---------+---------+-------+---------+---------+-------
        D:1 |      54 |       0 |   0.0 |      29 |       0 |   0.0
        D:2 |      37 |       0 |   0.0 |       8 |       0 |   0.0
        D:3 |      54 |     254 |  82.5 |      18 |       8 |  30.8
        D:4 |      64 |      18 |  22.0 |      12 |       3 |  20.0
            +---------+---------+-------+---------+---------+-------
